Map: Dusk Towers

Players

Cerulean

  • Race: Protoss Protoss
  • League: Gold

Grumm - Winner!

  • Race: Protoss Protoss
  • League: Gold

VOD

Have the link to the VOD?

Description

Time

  • Played on: Feb. 10, 2016, 1:14 a.m.
  • Length: 21:36
Show
View Real Time Build Order
Export as new Build Order

Cerulean Protoss 

Build Orders:  

Get SALT Encoding   

  12  0:01  Probe (Chrono Boost)  
  13  0:12  Probe (Chrono Boost)  
  14  0:20  Pylon  
  14  0:22  Probe (Chrono Boost)  
  15  0:38  Probe (Chrono Boost)  
  15  0:39  Gateway  
  16  0:49  Assimilator, Probe (Chrono Boost)  
  17  0:59  Probe (Chrono Boost)  
  18  1:06  Pylon  
  18  1:10  Probe (Chrono Boost)  
  19  1:20  Probe (Chrono Boost)  
  20  1:28  Cybernetics Core  
  20  1:32  Probe (Chrono Boost)  
  21  1:43  Probe (Chrono Boost)  
  21  1:46  Assimilator  
  22  1:55  Probe (Chrono Boost)  
  23  2:06  Mothership Core (Chrono Boost)  
  25  2:09  Pylon  
  25  2:16  Nexus  
  25  2:21  Stalker  
  27  2:34  Warp Gate  
  27  2:36  Probe (Chrono Boost)  
  28  2:41  Pylon  
  28  2:54  Probe (Chrono Boost)  
  28  3:06  Stalker, Probe (Chrono Boost)  
  31  3:18  Robotics Facility, Gateway  
  31  3:19  Probe (Chrono Boost)  
  32  3:30  Probe (Chrono Boost)  
  32  3:31  Probe (Chrono Boost)  
  34  3:41  Gateway, Probe x2 (Chrono Boost)  
  36  3:44  Pylon  
  36  3:50  Pylon  
  36  3:57  Probe (Chrono Boost)  
  36  3:58  Probe (Chrono Boost)  
  38  4:05  Observer (Chrono Boost)  
  38  4:07  Probe  
  38  4:08  Probe  
  38  4:09  Sentry  
  43  4:17  Probe  
  42  4:25  Stalker  
  42  4:40  Immortal (Chrono Boost)  
  42  4:46  Mothership Core  
  42  4:51  Probe  
  44  4:55  Stalker  
  47  5:02  Probe  
  47  5:20  Immortal (Chrono Boost)  
  46  5:22  Stalker  
  46  5:33  Probe  
  46  5:35  Probe  
  43  5:54  Probe  
  43  5:55  Probe  
  49  5:57  Immortal (Chrono Boost)  
  49  6:10  Pylon  
  49  6:11  Probe  
  49  6:12  Probe  
  51  6:21  Probe  
  51  6:22  Stalker x2  
  51  6:24  Probe  
  57  6:30  Assimilator  
  57  6:32  Probe  
  57  6:35  Assimilator  
  57  6:36  Probe  
  57  6:39  Observer (Chrono Boost), Pylon  
  60  6:42  Probe, Zealot  
  63  6:47  Zealot  
  63  6:48  Zealot  
  63  6:52  Probe  
  63  6:53  Probe  
  69  7:11  Zealot  
  69  7:12  Stalker x2  
  74  7:39  Pylon x2  
  74  7:41  Pylon  
  74  7:55  Probe  
  74  7:57  Probe  
  80  7:58  Immortal (Chrono Boost)  
  80  8:20  Stalker x3  
  72  8:40  Twilight Council  
  72  8:49  Probe  
  72  8:50  Probe  
  74  9:00  Probe  
  75  9:03  Probe  
  75  9:04  Forge  
  75  9:06  Forge, Pylon  
  75  9:07  Nexus  
  76  9:10  Assimilator  
  76  9:14  Assimilator  
  76  9:18  Pylon  
  76  9:21  Pylon  
  75  9:31  Probe  
  75  9:32  Probe  
  77  9:42  Dark Shrine  
  77  9:44  Probe, Protoss Ground Weapons Level 1  
  78  9:45  Probe  
  78  9:46  Templar Archives  
  78  9:51  Stalker x3  
  85  9:54  Blink (Chrono Boost)  
  85  9:56  Protoss Ground Armor Level 1  
  85  9:57  Probe  
  85  9:59  Probe  
  87  10:08  Probe  
  87  10:11  Probe  
  89  10:15  Pylon  
  89  10:25  Probe  
  89  10:26  Probe x2  
  92  10:32  High Templar  
  92  10:33  High Templar x2  
  98  10:42  Probe x2  
  99  10:44  Psionic Storm, Gateway x3  
  99  10:45  Observer (Chrono Boost)  
  96  11:11  High Templar  
  96  11:12  High Templar x2  
  102  11:20  Probe  
  102  11:21  Probe x2  
  105  11:26  Protoss Ground Weapons Level 2 (Chrono Boost)  
  105  11:37  Probe  
  105  11:38  Probe x2  
  108  11:50  Probe  
  108  11:52  Probe x2  
  108  11:53  High Templar x2  
  115  11:55  Zealot x2  
  115  11:56  Stalker  
  120  12:20  Probe  
  120  12:21  Probe  
  120  12:23  High Templar x2  
  120  12:26  Stalker x2  
  128  12:44  Photon Cannon  
  128  12:45  Photon Cannon  
  128  12:47  Photon Cannon x2  
  128  12:49  Stalker  
  128  12:50  Photon Cannon  
  130  12:51  Photon Cannon  
  123  13:15  Archon  
  120  13:21  Mothership Core  
  120  13:22  Stalker x3  
  120  13:23  Stalker x2  
  132  13:30  Pylon  
  132  13:34  Pylon  
  132  13:38  Protoss Shields Level 1 (Chrono Boost)  
  132  13:51  Dark Templar  
  132  13:53  Dark Templar  
  136  13:56  Stalker  
  136  13:57  Stalker x2  
  142  14:10  Probe  
  142  14:11  Probe x2  
  145  14:21  Pylon  
  143  14:24  Pylon x2  
  143  14:29  Nexus  
  143  14:30  Probe  
  143  14:31  Assimilator, Probe x2  
  145  14:33  Assimilator  
  146  14:47  Gateway  
  146  14:52  Gateway x2  
  146  14:54  Gateway  
  146  15:00  Protoss Ground Weapons Level 3 (Chrono Boost)  
  146  15:01  Pylon  
  146  15:02  Pylon  
  120  15:19  Protoss Ground Armor Level 2 (Chrono Boost)  
  103  15:23  Stalker  
  103  15:24  Stalker x2  
  103  15:25  Stalker x2  
  104  15:44  Stalker  
  104  15:47  Stalker x2  
  104  15:48  Stalker x3  
  106  15:56  Probe  
  102  15:57  Probe x3  
  102  16:11  Stalker  
  102  16:12  Stalker x2  
  107  16:19  Probe  
  107  16:20  Probe x2  
  106  16:30  Probe  
  106  16:31  Probe  
  106  16:32  Probe x2  
  106  17:05  High Templar x7  
  106  17:06  High Templar x3  
  122  17:17  Archon x3  
  122  17:18  Archon x2  
  122  17:33  Pylon  
  122  17:36  Pylon  
  122  17:39  Pylon  
  122  17:42  Stalker x4  
  122  17:43  Stalker  
  126  17:56  Probe  
  126  17:57  Probe  
  126  17:58  Probe x2  
  128  18:06  High Templar  
  128  18:07  High Templar x5  
  128  18:12  Probe  
  140  18:13  Probe x3  
  144  18:25  Assimilator, Probe  
  145  18:29  Archon x3  
  145  18:32  Probe  
  145  18:34  Probe  
  137  19:04  Observer (Chrono Boost)  
  126  19:13  Dark Templar x2  
  126  19:14  Dark Templar x4  
  126  19:16  Probe x2  
  138  19:26  Dark Templar  
  138  19:27  Dark Templar  
  121  19:44  Archon  
  121  19:45  Archon  
  121  19:46  Dark Templar x2  
  123  19:54  Archon  
  109  20:08  Nexus  
  109  20:13  Assimilator  
  109  20:14  Zealot x3  
  109  20:15  Zealot  
  117  20:32  Nexus  
  117  20:35  Pylon  
  117  20:36  Assimilator  
  117  20:40  Assimilator  
  117  20:44  Pylon, Dark Templar x2  
  118  20:54  Dark Templar  
  120  21:12  Dark Templar  
  120  21:13  Dark Templar x2  
  93  21:22  Archon  
Show
View Real Time Build Order
Export as new Build Order

Grumm Protoss - Winner!

Build Orders: Nexus First 

Get SALT Encoding   

  12  0:01  Probe (Chrono Boost)  
  13  0:11  Probe (Chrono Boost)  
  14  0:22  Probe (Chrono Boost)  
  14  0:23  Pylon  
  15  0:53  Nexus  
  15  0:56  Probe (Chrono Boost)  
  16  1:09  Gateway  
  16  1:10  Probe (Chrono Boost)  
  17  1:19  Assimilator  
  17  1:21  Probe (Chrono Boost)  
  18  1:33  Gateway  
  18  1:34  Probe (Chrono Boost)  
  19  1:45  Pylon  
  19  1:47  Probe (Chrono Boost)  
  20  1:57  Cybernetics Core  
  20  1:59  Probe (Chrono Boost)  
  21  2:10  Probe (Chrono Boost)  
  22  2:21  Gateway  
  22  2:23  Probe (Chrono Boost)  
  22  2:24  Probe (Chrono Boost)  
  24  2:34  Adept  
  24  2:35  Adept  
  28  2:37  Warp Gate  
  27  2:45  Probe x2 (Chrono Boost)  
  27  2:49  Assimilator  
  29  2:56  Pylon  
  29  3:07  Stalker  
  29  3:08  Stalker  
  33  3:16  Stalker  
  33  3:18  Probe x2 (Chrono Boost)  
  37  3:23  Assimilator  
  37  3:29  Pylon, Probe (Chrono Boost)  
  38  3:35  Probe (Chrono Boost)  
  38  3:39  Probe (Chrono Boost)  
  40  3:45  Probe (Chrono Boost)  
  41  3:50  Mothership Core (Chrono Boost)  
  41  3:51  Forge  
  43  3:56  Probe (Chrono Boost)  
  43  3:58  Stalker  
  43  4:00  Adept  
  48  4:36  Probe x2 (Chrono Boost)  
  46  4:38  Protoss Ground Weapons Level 1  
  46  4:42  Photon Cannon  
  46  4:44  Pylon  
  44  5:26  Stalker x3  
  46  5:34  Pylon  
  46  5:35  Gateway  
  46  5:38  Gateway  
  46  5:49  Nexus  
  46  5:51  Pylon  
  46  5:53  Pylon  
  46  5:54  Probe x2 (Chrono Boost)  
  46  5:58  Assimilator  
  46  5:59  Photon Cannon  
  46  6:10  Stalker x2  
  46  6:11  Stalker  
  52  6:13  Photon Cannon  
  52  6:15  Photon Cannon  
  52  6:22  Pylon  
  52  6:34  Photon Cannon  
  52  6:35  Probe x2 (Chrono Boost)  
  54  6:43  Pylon  
  54  6:45  Probe (Chrono Boost)  
  55  6:49  Probe (Chrono Boost)  
  55  6:50  Protoss Ground Armor Level 1 (Chrono Boost)  
  56  6:55  Pylon  
  56  6:56  Probe (Chrono Boost)  
  47  7:29  Probe x2 (Chrono Boost)  
  47  7:35  Robotics Facility  
  45  7:39  Stargate x2  
  45  7:41  Robotics Facility  
  45  7:45  Pylon  
  45  7:48  Probe  
  45  7:49  Probe  
  45  7:50  Twilight Council, Probe  
  48  7:52  Pylon  
  48  7:53  Stalker x2  
  48  7:54  Assimilator, Stalker  
  54  7:59  Probe x2  
  54  8:04  Stalker  
  54  8:05  Stalker  
  58  8:31  Stalker  
  58  8:32  Stalker x2  
  58  8:33  Stalker  
  66  8:34  Void Ray  
  66  8:35  Immortal (Chrono Boost)  
  66  8:38  Immortal (Chrono Boost)  
  78  8:50  Void Ray  
  78  8:53  Probe  
  78  8:54  Probe x2  
  85  8:59  Photon Cannon  
  85  9:00  Gateway  
  85  9:04  Pylon  
  85  9:06  Probe x3  
  85  9:08  Assimilator  
  88  9:14  Pylon  
  88  9:16  Stalker  
  90  9:18  Stalker, Probe  
  93  9:29  Void Ray  
  93  9:34  Immortal (Chrono Boost)  
  93  9:37  Observer (Chrono Boost)  
  102  9:39  Protoss Ground Weapons Level 2  
  102  9:42  Blink  
  102  10:02  Fleet Beacon  
  102  10:06  Pylon  
  106  10:14  Immortal (Chrono Boost)  
  106  10:27  Photon Cannon  
  106  10:43  Pylon  
  106  10:47  Nexus  
  106  10:50  Pylon  
  106  10:52  Pylon  
  106  10:53  Immortal (Chrono Boost)  
  106  10:55  Stalker x2  
  106  10:56  Stalker x3  
  120  11:06  Observer (Chrono Boost)  
  117  11:21  Gateway  
  117  11:23  Gateway  
  117  11:24  Photon Cannon  
  117  11:26  Photon Cannon  
  117  11:27  Pylon  
  117  11:31  Assimilator  
  117  11:34  Probe x2  
  117  11:35  Assimilator, Probe  
  117  11:39  Pylon  
  120  11:45  Tempest (Chrono Boost)  
  120  11:46  Probe  
  125  11:47  Tempest (Chrono Boost)  
  125  11:53  Warp Prism  
  131  12:25  Photon Cannon  
  131  12:29  Photon Cannon x2  
  131  12:31  Photon Cannon  
  135  12:37  Tempest x2 (Chrono Boost)  
  135  12:42  Photon Cannon  
  139  12:46  Pylon  
  139  12:48  Photon Cannon  
  135  13:35  Stargate  
  135  13:39  Robotics Bay  
  131  13:42  Probe x3  
  131  13:43  Probe  
  135  14:04  Void Ray x2 (Chrono Boost)  
  143  14:15  Photon Cannon  
  143  14:17  Photon Cannon  
  143  14:21  Photon Cannon  
  143  14:23  Pylon  
  143  14:31  Photon Cannon  
  143  14:41  Void Ray (Chrono Boost)  
  143  14:42  Void Ray (Chrono Boost)  
  155  14:48  Void Ray (Chrono Boost)  
  120  15:18  Void Ray (Chrono Boost)  
  106  15:32  Stalker x7  
  106  15:33  Stalker  
  106  15:57  Immortal  
  106  16:00  Void Ray (Chrono Boost)  
  106  16:01  Void Ray (Chrono Boost)  
  122  16:06  Void Ray (Chrono Boost)  
  102  16:38  Void Ray x2 (Chrono Boost)  
  106  16:49  Void Ray (Chrono Boost), Stalker x7  
  106  16:50  Stalker  
  124  17:20  Warp Prism, Immortal  
  124  17:21  Void Ray x2 (Chrono Boost)  
  142  17:32  Void Ray (Chrono Boost)  
  142  17:41  Pylon  
  142  17:47  Zealot x5  
  142  17:48  Zealot x2  
  154  17:58  Void Ray (Chrono Boost)  
  139  18:17  Observer  
  140  18:33  Void Ray (Chrono Boost)  
  148  18:35  Void Ray (Chrono Boost)  
  148  18:37  Stalker x2  
  148  18:38  Void Ray (Chrono Boost)  
  156  19:10  Void Ray (Chrono Boost)  
  156  19:15  Stalker x2  
  156  19:16  Stalker x4  
  172  19:21  Void Ray (Chrono Boost)  
  139  20:03  Zealot  
  139  20:04  Zealot x6  
  153  20:13  Observer  
  154  20:31  Dark Shrine  
  154  20:32  Pylon  
  154  20:38  Zealot  
  154  20:39  Stalker, Zealot  
  154  20:40  Adept  
  154  20:41  Adept  
  134  21:25  Stalker x3  
Tags
 
League
GoldGold
Matchup
PvP
Replay Pack
sc2 replays 2016
Add a new tag
Caveats
  • Supply blocks, unpowered buildings, or Contaminate may cause inaccurate times.
  • Supply counts are checked every 10 seconds.